 Dungeon Crawl Stone Soup version 0.15-a0-1656-gb4d1502 (console) character file.

783 Mac the Grappler (level 7, -4/66 HPs)
             Began as a Troll Fighter on June 23, 2014.
             Was a Follower of Cheibriados.
             Slain by a troll (16 damage)
             ... on Level 5 of the Dungeon.
             The game lasted 00:05:46 (1131 turns).

Mac the Grappler (Troll Fighter)                    Turns: 1131, Time: 00:05:46

HP  -4/66        AC  5     Str 29      XL: 7   Next: 55%
MP   0/3         EV  8     Int  6      God: Cheibriados [*.....]
Gold 150         SH  9     Dex 11      Spells:  0 memorised,  6 levels left

rFire  . . .     SeeInvis .       - Unarmed
rCold  . . .     Clarity  .     b - +0 robe
rNeg   . . .     rCorr    .     c - +0 shield
rPois  .         rRot     .     (helmet restricted)
rElec  .         Spirit   .     (no cloak)
SustAb .         Warding  .     (gloves unavailable)
rMut   .         Stasis   .     (boots unavailable)
Gourm  +                        (no amulet)
MR     .....                    (no ring)
                                (no ring)

@: very slow, not resistant to hostile enchantments, very unstealthy
A: unfitting armour, claws 3, fast metabolism 3, gourmand, regeneration 2,
saprovore 2, shaggy fur 1, tough skin 2
a: Bend Time, Renounce Religion


You were on level 5 of the Dungeon.
You worshipped Cheibriados.
Cheibriados was aware of your devotion.
You were not hungry.

You visited 1 branch of the dungeon, and saw 5 of its levels.
You also visited: Sewer.

You collected 150 gold pieces.

Inventory:

Hand weapons
 j - a +0 blowgun
Armour
 b - a +0 robe (worn)
 c - a +0 shield (worn)
 f - a +0 robe
 i - a +0 robe
 m - a +0 robe
 n - a +0 robe
 s - a +0 robe
Magical devices
 g - a wand of polymorph (5)
Comestibles
 a - 3 meat rations
Scrolls
 d - 3 scrolls of remove curse {unknown}
 l - a scroll of immolation {unknown}
 q - a scroll of holy word {unknown}
 u - a scroll of fear {unknown}
 w - a scroll of enchant weapon {unknown}
Potions
 e - 3 potions of might
 h - a potion of beneficial mutation {unknown}
 k - a potion of agility {unknown}
 o - 3 potions of curing {unknown}
 p - a potion of magic {unknown}
 t - 2 potions of brilliance {unknown}
 v - a potion of lignification {unknown}
Books
 r - a book of Frost

   Spells                             Type                      Level
   Freeze                             Ice                          1
   Throw Frost                        Conjuration/Ice              2
   Ozocubu's Armour                   Charms/Ice                   3
   Throw Icicle                       Conjuration/Ice              4
   Summon Ice Beast                   Ice/Summoning                4
   Condensation Shield                Ice                          4


   Skills:
 - Level 2.4 Fighting
 - Level 2.4 Dodging
 - Level 2.4 Shields
 + Level 8.7 Unarmed Combat


You had 6 spell levels left.
You didn't know any spells.

Dungeon Overview and Level Annotations

Branches:
Dungeon (5/15)
 Temple: D:4-7

Altars:
Cheibriados
Elyvilon
Trog
Xom
Yredelemnul


Innate Abilities, Weirdness & Mutations

You are too large for most types of armour.
You have claws for hands.
Your metabolism is lightning-fast.
You like to eat raw meat.
You heal very quickly.
You can eat rotten meat.
You are covered in fur (AC +1).
You have very tough skin (AC +2).


Message History

You barely miss the troll.
The troll is almost dead.
You block the troll's attack. The troll closely misses you.
You block the troll's attack.
You scratch the troll but do no damage.
The troll is almost dead.
The troll bites you. You block the troll's attack.
The troll claws you but does no damage.
You closely miss the troll.
The troll is almost dead.
The troll closely misses you. The troll barely misses you. The troll claws you!
* * * LOW HITPOINT WARNING * * *
Your shield prevents you from hitting the troll.
The troll is almost dead.
The troll closely misses you. You block the troll's attack.
The troll completely misses you.
You barely miss the troll.
The troll is almost dead.
The troll bites you!
You die...

##..## ... ##....####
##... ##........####...
##...............#
##...............# ###
#..[..............#
###..
..#..............##
#....
##....$T.....<.>.###....
#......@..........#.....
#.......................
#...................[...
##...........#..........
##.........###(........
##......### #........(
##..#### ##........ ###
#........ #.......#


You could see a troll (bleeding).

Vanquished Creatures
  An ogre (D:4)
  A centaur (D:4)
  A giant frog (D:4)
  3 big kobolds (Sewer)
  The ghost of Econoterrorist the Scratcher, a weakling FeTm (Sewer)
  2 hounds (D:4)
  A giant frog skeleton (D:3)
  2 orc wizards (D:4)
  A worker ant (D:4)
  Ijyb (D:3)
  6 gnolls
  A green rat (Sewer)
  2 giant mites (D:3)
  An adder zombie (D:5)
  An iguana zombie (D:3)
  9 giant geckos
  An ooze (D:1)
  2 orcs (D:4)
  3 bats
  3 hobgoblins
  3 giant cockroaches
  4 goblins
  A green rat skeleton (Sewer)
  2 green rat zombies (Sewer)
  3 jackals (D:4)
  6 kobolds
  An orc skeleton (D:4)
  9 rats
  2 rat zombies (Sewer)
74 creatures vanquished.

Vanquished Creatures (others)
  A giant newt (D:4)
1 creature vanquished.

Grand Total: 75 creatures vanquished

Notes
Turn   | Place    | Note
--------------------------------------------------------------
     0 | D:1      | Mac, the Troll Fighter, began the quest for the Orb.
     0 | D:1      | Reached XP level 1. HP: 22/22 MP: 1/1
   108 | D:1      | Reached XP level 2. HP: 25/29 MP: 1/1
   178 | D:3      | Reached skill level 3 in Unarmed Combat
   273 | D:3      | Found a glowing drain.
   276 | D:3      | Reached XP level 3. HP: 36/36 MP: 2/2
   291 | Sewer    | Entered a sewer
   322 | Sewer    | Noticed a big kobold necromancer
   327 | Sewer    | Killed a big kobold necromancer
   327 | Sewer    | Reached skill level 4 in Unarmed Combat
   327 | Sewer    | Reached XP level 4. HP: 41/44 MP: 2/2
   348 | Sewer    | Noticed a big kobold necromancer
   357 | Sewer    | Killed a big kobold necromancer
   357 | Sewer    | Reached skill level 5 in Unarmed Combat
   357 | Sewer    | Reached XP level 5. HP: 44/50 MP: 2/2
   373 | Sewer    | Noticed Econoterrorist's ghost (weakling FeTm)
   377 | Sewer    | Noticed a big kobold necromancer
   388 | Sewer    | Killed Econoterrorist's ghost
   390 | Sewer    | Reached skill level 6 in Unarmed Combat
   488 | Sewer    | Killed a big kobold necromancer
   488 | Sewer    | Reached XP level 6. HP: 59/59 MP: 3/3
   556 | D:3      | Found a white marble altar of Elyvilon.
   582 | D:3      | Found a basalt altar of Yredelemnul.
   587 | D:3      | Found a bloodstained altar of Trog.
   587 | D:3      | Noticed Ijyb
   608 | D:3      | Killed Ijyb
   610 | D:3      | Found a white marble altar of Elyvilon.
   676 | D:4      | Found a snail-covered altar of Cheibriados.
   680 | D:4      | HP: 2/59 [kobold/club (6)]
   723 | D:4      | Reached skill level 7 in Unarmed Combat
   741 | D:4      | Became a worshipper of Cheibriados the Contemplative
   764 | D:4      | Reached XP level 7. HP: 57/66 MP: 3/3
   828 | D:4      | Found a shimmering altar of Xom.
   846 | D:4      | Reached skill level 8 in Unarmed Combat
   893 | D:5      | Entered Level 5 of the Dungeon
   893 | D:5      | Noticed a troll
  1131 | D:5      | Slain by a troll

Action                   |  1- 3 |  4- 6 |  7- 9 || total
-------------------------+-------+-------+-------++-------
Melee: Unarmed           |    64 |    93 |    57 ||   214
Invok: Bend Time         |       |       |     1 ||     1
Evoke: Wand              |       |     1 |       ||     1
  Use: Potion            |       |     1 |       ||     1
